AoeStats
← tchookuan77

MegaRandom

507502969Analyzed
4v4 RM · 13d ago on Sep 18, 2026· 33m 9s· 8 players
Game mode
Random Map
Map size
Large (8 player)
Population
200
Speed
Normal
Resources
Standard
Victory
Conquest
Starting age
Dark Age
Ending age
Imperial Age
RankedLock teamsTeams togetherTeam positionsShared explorationLock speedFull tech treeHidden civsTurbo modeCheats
Victory
Defeat
🇩🇪 Mongols · Germany
1034
+20
🇺🇸 Spanish · United States
1033
+20
🇸🇪 Persians · Sweden
1032
+20
🇨🇦 Portuguese · Canada
973
+22
🇹🇼 Persians · Taiwan
1165
-23
🇹🇼 Burgundians · Taiwan
1115
-20
🇹🇼 Shu · Taiwan
1114
-20
🇹🇼 Aztecs · Taiwan
1087
-19
Hurgha
0:31 Loom
12:35 Feudal Age
13:17 Town Watch
13:21 Double-Bit Axe
21:27 Castle Age
20:47 Stone Mining
24:10 Wheelbarrow
25:34 Hand Cart
25:38 Fletching
27:07 Bodkin Arrow
35:36 Imperial Age
BJL
8:03 Loom
10:27 Feudal Age
12:40 Wheelbarrow
16:29 Castle Age
14:52 Double-Bit Axe
14:54 Horse Collar
15:52 Gold Mining
17:19 Bow Saw
19:51 Fletching
21:30 Stone Mining
22:14 Padded Archer Armor
23:31 Bodkin Arrow
23:33 Crossbowman
24:58 Leather Archer Armor
26:12 Ballistics
27:27 Thumb Ring
33:10 Imperial Age
32:38 Hand Cart
Mobilli93
1:18 Loom
12:38 Feudal Age
15:41 Bloodlines
17:36 Castle Age
16:46 Forging
17:14 Horse Collar
19:42 Husbandry
19:56 Double-Bit Axe
25:29 Scale Barding Armor
26:00 Iron Casting
28:38 Chain Barding Armor
29:16 Heavy Plow
Iribaar
7:32 Loom
9:54 Feudal Age
11:30 Double-Bit Axe
12:41 Horse Collar
17:11 Bloodlines
19:03 Scale Barding Armor
22:33 Castle Age
20:59 Gold Mining
21:01 Fletching
23:50 Bow Saw
24:20 Bodkin Arrow
24:25 Padded Archer Armor
25:39 Gold Shaft Mining
25:42 Wheelbarrow
26:11 Heavy Plow
26:08 Town Watch
30:26 Leather Archer Armor
31:54 Thumb Ring
nick690821
9:15 Loom
11:32 Feudal Age
15:42 Castle Age
16:11 Horse Collar
16:20 Double-Bit Axe
tchookuan77
12:06 Feudal Age
17:16 Castle Age
15:07 Double-Bit Axe
15:04 Horse Collar
16:44 Bow Saw
16:46 Heavy Plow
17:50 Loom
25:27 Crop Rotation
27:48 Wheelbarrow
28:16 Two-Man Saw
28:56 Gold Mining
30:05 Hand Cart
29:51 Stone Mining
noel50711
8:42 Loom
11:08 Feudal Age
11:50 Double-Bit Axe
12:14 Horse Collar
15:29 Wheelbarrow
15:52 Fletching
24:48 Castle Age
22:57 Gold Mining
25:57 Bow Saw
25:49 Heavy Plow
25:14 Crossbowman
26:10 Bodkin Arrow
29:05 Hand Cart
William
6:48 Loom
11:38 Feudal Age
20:30 Castle Age
18:50 Double-Bit Axe
19:23 Scale Mail Armor
19:41 Forging
19:32 Gold Mining
19:50 Arson
20:15 Horse Collar
21:38 Wheelbarrow
21:29 Heavy Plow
22:06 Squires
24:15 Eagle Warrior
26:58 Iron Casting
28:40 Chain Mail Armor
29:53 Hand Cart
31:23 Gold Shaft Mining
32:25 Pikeman
Connection lost

Rejoining the realm…

Still unreachable

The connection could not be restored.

Session expired

The server has moved on; the page needs a fresh start.